 Dungeon Crawl Stone Soup version 0.30-a0-149-g7f746667c4 (webtiles) character file.

Game seed: 11501526848134905957

534 greasedhog the Sneak (level 7, -1/36 HPs)
             Began as a Gargoyle Enchanter on Sept 26, 2022.
             Was an Initiate of Dithmenos.
             Slain by an ice beast (13 damage)
             ... on level 5 of the Dungeon.
             The game lasted 00:06:28 (4939 turns).

greasedhog the Sneak (Gargoyle Enchanter)           Turns: 4939, Time: 00:06:29

Health: -1/36      AC:  7    Str: 11    XL:     7   Next: 25%
Magic:  10/10      EV: 12    Int: 16    God:    Dithmenos [......]
Gold:   155        SH:  0    Dex: 12    Spells: 5/10 levels left

rFire   . . .      SeeInvis .    a - +2 dagger (elec)
rCold   . . .      Faith    .    (no shield)
rNeg    + . .      Spirit   .    b - +0 robe
rPois   ∞          Reflect  .    (no helmet)
rElec   +          Harm     .    (no cloak)
rCorr   .          Rampage  .    j - +0 pair of gloves
Will    +....                    (no boots)
Stlth   +++.......               (no amulet)
HPRegen 0.12/turn                l - ring of willpower
MPRegen 0.12/turn                (no ring)

@: no status effects
A: sickness immunity, AC +4, negative energy resistance 1, electricity
resistance, torment resistance 1, petrification resistance
a: Renounce Religion


You were on level 5 of the Dungeon.
You worshipped Dithmenos.
Dithmenos was noncommittal.
You visited 2 branches of the dungeon, and saw 6 of its levels.

You collected 155 gold pieces.

Inventory:

Hand Weapons
 a - a +2 dagger of electrocution (weapon)
Armour
 b - a +0 robe (worn)
 j - a +0 pair of gloves (worn)
Jewellery
 l - a ring of willpower (left hand)
 q - a ring of positive energy
 z - a ring of resist corrosion
 A - an amulet of guardian spirit
Wands
 v - a wand of charming (1)
Scrolls
 h - 2 scrolls of poison
 i - a scroll of noise {unknown}
 k - 3 scrolls of blinking {unknown}
 m - 2 scrolls of enchant weapon
 n - a scroll of vulnerability {unknown}
 o - a scroll of immolation
 r - a scroll of enchant armour
 s - a scroll of fear {unknown}
 t - a scroll of amnesia {unknown}
 w - a scroll of magic mapping {unknown}
 x - a scroll of teleportation {unknown}
 y - a scroll of summoning {unknown}
Potions
 c - 4 potions of invisibility
 d - 2 potions of curing {unknown}
 e - 2 potions of attraction {unknown}
 f - a potion of brilliance {unknown}
 g - a potion of cancellation {unknown}
 p - a potion of berserk rage {unknown}
 u - a potion of mutation {unknown}


   Skills:
 * Level 3.9 Short Blades
 - Level 1.5 Dodging
 * Level 6.0 Stealth
 - Level 2.0 Spellcasting
 * Level 4.7 Hexes


You had 5 spell levels left.
You knew the following spells:

 Your Spells              Type           Power      Damage    Failure   Level
a - Ensorcelled Hibernat  Hex/Ice        18%        N/A       12%         2
b - Confusing Touch       Hex            16%        N/A       9%          3

Your spell library contained the following spells:

 Spells                   Type           Power      Damage    Failure   Level
 Tukima's Dance           Hex            16%        N/A       9%          3
 Dazzling Flash           Conj/Hex       18%        N/A       24%         3
 Ozocubu's Armour         Ice            1%         N/A       52%         3
 Animate Dead             Necr           1%         N/A       90%         4
 Metabolic Englaciation   Hex/Ice        4%         N/A       91%         5
 Borgnjor's Vile Clutch   Necr/Erth      0%         N/A       99%         5
 Death Channel            Necr           0%         N/A       100%        6
 Simulacrum               Ice/Necr       0%         N/A       100%        6


Dungeon Overview and Level Annotations

Branches:
Dungeon (5/15)             Temple (1/1) D:4

Altars:
Dithmenos
Gozag
Nemelex Xobeh
Okawaru
Ru
Uskayaw
Wu Jian
Yredelemnul
Zin

Shops:
D:4 *   D:5 [


Innate Abilities, Weirdness & Mutations

You are immune to sickness and miasma.
Your stone body is resilient. (AC +4)
You are immune to poison.
You resist negative energy. (rN+)
You are resistant to electric shocks. (rElec)
You are resistant to unholy torment.
You are immune to petrification.


Message History

You open the door.
An ice beast comes into view.
Found a stone staircase leading down.
An ice beast is nearby!
An ice beast is nearby!
There is an open door here.
There is a stone staircase leading down here.
The ice beast barely misses you.
You barely miss the ice beast. The ice beast hits you.
The ice beast freezes you!
You hit the ice beast.
The ice beast is lightly wounded.
The ice beast barely misses you.
You barely miss the ice beast. You hit the ice beast.
The ice beast is lightly wounded.
The ice beast hits you. The ice beast freezes you!
Okay, then.
Aiming: Charm
Press: ? - help, Shift-Dir - straight line, f - ice beast
Aim: an ice beast (lightly wounded, chance to affect: 49%)
The ice beast resists with some effort.
The ice beast barely misses you.
Aiming: Charm
Press: ? - help, Shift-Dir - straight line, f/p - ice beast
Aim: an ice beast (lightly wounded, chance to affect: 49%)
The ice beast resists with some effort.
The ice beast barely misses you.
Aiming: Charm
Press: ? - help, Shift-Dir - straight line, f/p - ice beast
Aim: an ice beast (lightly wounded, chance to affect: 49%)
The ice beast resists with some effort.
The ice beast closely misses you.
Aiming: Charm
Press: ? - help, Shift-Dir - straight line, f/p - ice beast
Aim: an ice beast (lightly wounded, chance to affect: 49%)
The ice beast resists with some effort.
The ice beast closely misses you.
Aiming: Charm
Press: ? - help, Shift-Dir - straight line, f/p - ice beast
Aim: an ice beast (lightly wounded, chance to affect: 49%)
The ice beast resists with some effort.
The ice beast hits you. The ice beast freezes you!
You die...

#...##...# .....
#...##...# .....
#........#
......#...##...#
......#..>##...#
......######...#
...........#...#
...........'...#
......Y@>..#...#
...........#####
######.....#
#.....# #.....#
#.....# #.....#
#.....#


You could see an ice beast.

Vanquished Creatures
  Edmund (D:4)
  An orc priest (D:4)
  3 hounds
  Jessica (D:2)
  An iguana (D:5)
  An orc wizard (D:4)
  2 gnolls (D:1)
  10 adders
  An ufetubus (D:4)
  3 worms
  3 dart slugs
  2 orcs (D:4)
  7 ball pythons
  8 endoplasms
  A giant cockroach (D:1)
  11 goblins
  9 hobgoblins
  13 kobolds
  4 quokkas
  8 bats
  6 frilled lizards
  7 rats
103 creatures vanquished.

Notes
Turn   | Place    | Note
-------+----------+-------------------------------------------
     0 | D:1      | greasedhog the Gargoyle Enchanter began the quest for the
                  | Orb.
     0 | D:1      | Reached XP level 1. HP: 10/10 MP: 3/3
    28 | D:1      | Reached skill level 1 in Short Blades
   260 | D:1      | Reached XP level 2. HP: 11/15 MP: 5/5
   336 | D:1      | Learned a level 2 spell: Ensorcelled Hibernation
   762 | D:1      | Reached XP level 3. HP: 15/19 MP: 1/6
  1007 | D:1      | Learned a level 3 spell: Confusing Touch
  1095 | D:1      | Reached skill level 4 in Stealth
  1667 | D:1      | Reached XP level 4. HP: 24/24 MP: 7/7
  1740 | D:1      | Found a faded altar of an unknown god.
  1949 | D:2      | Noticed Jessica
  1957 | D:2      | Killed Jessica
  2286 | D:2      | Reached XP level 5. HP: 28/28 MP: 8/8
  3142 | D:3      | Found an ornate altar of the Wu Jian Council.
  3865 | D:4      | Found Bujouk's General Store.
  3890 | D:4      | Reached skill level 5 in Stealth
  3890 | D:4      | Reached XP level 6. HP: 32/32 MP: 6/9
  4040 | D:4      | Noticed Edmund
  4057 | D:4      | Killed Edmund
  4066 | D:4      | Found a staircase to the Ecumenical Temple.
  4082 | Temple   | Entered the Ecumenical Temple
  4377 | Temple   | Became a worshipper of Dithmenos the Shadowed
  4528 | D:4      | Reached XP level 7. HP: 36/36 MP: 10/10
  4886 | D:5      | Entered Level 5 of the Dungeon
  4886 | D:5      | Found Teugecot's Antique Armour Shop.
  4899 | D:5      | Reached skill level 6 in Stealth
  4939 | D:5      | Slain by an ice beast

Illustrated notes

Levels and vault maps discovered:
D:1:      lemuel_arrival_hallway, layout_loops_corners,
          shapermc_ecumenical_altar_hornbeckon, minmay_octomino_c4
D:2:      minmay_evil_eye, layout_loops_ring, uniq_jessica
D:3:      layout_loops_cross, mainiacjoe_overflow_catwalk,
          kennysheep_generic_room_15
D:4:      layout_cave_pools, temple_green, serial_shops, shop,
          cheibrodos_sewer_entry_bend, uniq_edmund
D:5:      layout_gridville, mainiacjoe_overflow_alcove_4,
          mainiacjoe_overflow_24_doors, serial_shops,
          nicolae_shop_overgrown_old_shop, uniq_grinder
Temple:   nicolae_temple_bog_church

Skill      XL: |  1  2  3  4  5  6  7 |
---------------+----------------------+-----
Short Blades   | 1 2 3 |  3.9
Hexes          | 3 4 |  4.7
Stealth        | 4 5 6 |  6.0
Dodging        | |  1.5
Spellcasting   | |  2.0

Action                   |  1- 3 |  4- 6 |  7- 9 || total
-------------------------+-------+-------+-------++-------
Melee: Dagger            |   127 |   199 |    29 ||   355
       Punch             |     2 |     1 |       ||     3
 Cast: Ensorcelled Hiber |     6 |    13 |       ||    19
       Confusing Touch   |       |     1 |       ||     1
Evoke: Wand              |       |       |     5 ||     5
  Use: Scroll            |     1 |     3 |       ||     4
 Stab: Sleeping          |    12 |    23 |       ||    35
       Distracted        |     1 |     2 |       ||     3
       Confused          |       |     1 |       ||     1
Armor: Robe              |    45 |    86 |     8 ||   139
Dodge: Dodged            |    72 |   144 |    12 ||   228

Table legend: (Time is in decaauts)
 A = Elapsed time spent in this place.
 B = Non-inter-level travel time spent in this place.
 C = Inter-level travel time spent in this place.
 D = Time resting spent in this place.
 E = Time spent auto-exploring this place.
 F = Levels seen in this place.
 G = Mean time per level.
                   A        B        C        D        E       F      G
               +--------+--------+--------+--------+--------+-----+--------+
         Total |   4919 |   4800 |    119 |    683 |   3267 |   6 |  819.8 |
       Dungeon |   4601 |   4526 |     75 |    683 |   3002 |   5 |  920.2 |
        Temple |    318 |    274 |     44 |      0 |    265 |   1 |  318.0 |
               +--------+--------+--------+--------+--------+-----+--------+

Top non-repeatable levels by time:
     D:1: 1936 daAuts
     D:2: 1145 daAuts
     D:3: 744 daAuts
     D:4: 724 daAuts
  Temple: 318 daAuts
     D:5: 50 daAuts
